 Dungeon Crawl Stone Soup version 0.18.0-1-g0107ab7 (webtiles) character file.

37 Chiseanne the Magician (level 3, 23/24 HPs)
             Began as a Demonspawn Wizard on May 5, 2016.
             Quit the game on level 2 of the Dungeon.
             The game lasted 00:02:44 (1443 turns).

Chiseanne the Magician (Demonspawn Wizard)          Turns: 1443, Time: 00:02:45

Health: 23/24      AC:  4    Str:  7    XL:     3   Next: 21%
Magic:  8/8        EV: 12    Int: 20    God:
Gold:   123        SH:  0    Dex: 11    Spells: 3 memorised, 4 levels left

rFire  + . .     SeeInvis .     i - +0 long sword
rCold  . . .     Gourm    .     a - +0 robe
rNeg   . . .     Faith    .     (no shield)
rPois  .         Spirit   .     j - +2 hat
rElec  .         Dismiss  .     (no cloak)
rCorr  .         Reflect  .     (no gloves)
SustAt .         Harm     .     (no boots)
MR     .....                    (no amulet)
Stlth  ++........               (no ring)
                                (no ring)

@: not resistant to hostile enchantments, unstealthy
A: talons 1, fire resistance 1
a: no special abilities


You were on level 2 of the Dungeon.
You were not hungry.

You visited 1 branch of the dungeon, and saw 2 of its levels.

You collected 123 gold pieces.

Inventory:

Hand Weapons
 e - a +0 hunting sling
 i - a +0 long sword (weapon)
Missiles
 f - 116 stones (quivered)
 g - 45 arrows
 h - 52 bolts
Armour
 a - a +0 robe (worn)
 b - a +0 hat
 j - a +2 hat (worn)
Potions
 l - a potion of flight
 m - a potion of might {unknown}
Books
 c - a book of Minor Magic

   Spells                             Type                      Level
   a - Magic Dart                     Conjuration                  1
   b - Blink                          Translocation                2
   c - Call Imp                       Summoning                    2
   d - Repel Missiles                 Charms/Air                   2
   e - Slow                           Hexes                        2
   f - Conjure Flame                  Conjuration/Fire             3
   g - Mephitic Cloud                 Conjuration/Poison/Air       3
Miscellaneous
 n - a plain deck of wonders
Comestibles
 d - a bread ration


   Skills:
 - Level 1.7 Dodging
 - Level 1.7 Stealth
 * Level 3.6 Spellcasting
 * Level 2.2 Conjurations
   Level 1.0 Summonings
 - Level 0.8 Translocations


You had 4 spell levels left.
You knew the following spells:

 Your Spells              Type           Power        Failure   Level  Hunger
a - Magic Dart            Conj           ##..         6%          1    None
b - Blink                 Tloc           N/A          17%         2    ##.....
c - Repel Missiles        Chrm/Air       #.....       24%         2    ##.....


Dungeon Overview and Level Annotations

Branches:
Dungeon (2/15)

Altars:
Ashenzari
Nemelex Xobeh


Innate Abilities, Weirdness & Mutations

You have sharp toenails.
Your flesh is heat resistant.


Message History

You have reached level 3!
Your experience leads to an increase in your attributes!
Increase (S)trength, (I)ntelligence, or (D)exterity?
You feel clever.
You feel monstrous as your demonic heritage exerts itself.
Your demonic ancestry asserts itself...
Your toenails lengthen and sharpen.
You are feeling hungry.
There is an open door here.
You now have 123 gold pieces (gained 11).
There is an open door here.
There is an open door here.
You see here a rat corpse.
You butcher the rat corpse.
k - a chunk of flesh You see here a rat skeleton.
Eating a chunk of flesh.
This raw flesh tastes terrible.
You continue eating. x2
There is an open door here.
Are you sure you want to abandon this character and quit the game? (Confirm with "yes".)

#..........##.# #.
#####'#######.# #. #.#
#.########. #>#
#..........
#######################..
#.....................##.
##.............#####... #.
#..##............).#.####.
#..).....@.....###.#......
#.#+#'#'#'#'#..# #....####
#.#.#.#รท#..# ####.#
#########..# ..# #..# #<..
#... ##### ..#.# ###.#


There were no monsters in sight!

Vanquished Creatures
  An adder (D:2)
  An ooze (D:1)
  A giant cockroach (D:1)
  3 goblins
  6 hobgoblins (D:1)
  2 kobolds
  3 bats (D:1)
  A giant newt (D:1)
  7 rats
25 creatures vanquished.

Notes
Turn   | Place    | Note
--------------------------------------------------------------
     0 | D:1      | Chiseanne the Demonspawn Wizard began the quest for the Orb.
     0 | D:1      | Reached XP level 1. HP: 13/13 MP: 4/4
   268 | D:1      | Gained mutation: Your flesh is heat resistant. [demonic ancestry]
   268 | D:1      | Reached XP level 2. HP: 19/19 MP: 0/6
   599 | D:1      | Found a sparkling altar of Nemelex Xobeh.
  1177 | D:2      | Learned a level 2 spell: Blink
  1180 | D:2      | Learned a level 2 spell: Repel Missiles
  1260 | D:2      | Found a shattered altar of Ashenzari.
  1387 | D:2      | Gained mutation: You have sharp toenails. [demonic ancestry]
  1387 | D:2      | Reached XP level 3. HP: 19/24 MP: 4/8
  1443 | D:2      | Quit the game

Skill      XL: |  1  2 |
---------------+-------+-----
Conjurations   | 2 |  2.2
Dodging        | |  1.7
Stealth        | |  1.7
Spellcasting   | |  3.6
Summonings     | |  1.0
Translocations | |  0.8

Action                   || total
-------------------------++-------
Melee: Short sword       ||    30
 Cast: Magic Dart        ||    51
       Repel Missiles    ||     1
  Use: Scroll            ||     4
  Eat: Chunk             ||     2
Armor: Robe              ||    12
Dodge: Dodged            ||    27
       Deflected         ||     1
